 Dungeon Crawl Stone Soup version 0.19.3-1-g3169bf9 (webtiles) character file.

147086 shas the Severer (level 16, 0/154 HPs)
             Began as a Minotaur Fighter on Jan 20, 2017.
             Was the Champion of Okawaru.
             Slain by a soul eater (2 damage)
             ... summoned by Frances
             ... while paralysed by a chaos spawn
             ... on level 3 of the Elven Halls on Jan 25, 2017.
             The game lasted 03:49:35 (31709 turns).

shas the Severer (Minotaur Fighter)                Turns: 31709, Time: 03:49:36

Health: 0/154      AC: 14    Str: 28    XL:     16   Next: 91%
Magic:  13/15      EV:  2    Int:  5    God:    Okawaru [******]
Gold:   2085       SH:  0    Dex: 13    Spells: 0 memorised, 15 levels left

rFire  + . .     SeeInvis .     C - +5 broad axe (flame)
rCold  + . .     Gourm    .     c - +3 plate armour {rC+}
rNeg   + . .     Faith    .     R - +0 shield {reflect}
rPois  +         Spirit   .     s - +0 hat of the Tarantula {*Drain Regen+ Stlth+}
rElec  .         Reflect  +     N - +0 cloak {MR+}
rCorr  .         Harm     .     Q - +0 pair of gloves {Dex+3}
MR     +++++     Clarity  +     M - +0 pair of boots
Stlth  ..........               V - amulet of the Four Winds {rN+ MR+++ Clar}
                                G - ring of protection from fire
                                O - ring of poison resistance

@: paralysed, corroded, drained
A: retaliatory headbutt, horns 2, blink, blurry vision 1, clarity, mutation
resistance 1, screaming 1, MP-powered wands
a: Blink, Heroism, Finesse, Renounce Religion


You were on level 3 of the Elven Halls.
You worshipped Okawaru.
Okawaru was exalted by your worship.
You were not hungry.

You visited 5 branches of the dungeon, and saw 27 of its levels.
You also visited: Labyrinth.

You collected 2566 gold pieces.
You spent 481 gold pieces at shops.

Inventory:

Hand Weapons
 m - a +1 broad axe of freezing
 t - the +8 rapier of Grace {antimagic, *Slow rC+ Dex+9}
   (You found it on level 12 of the Dungeon)

   It reduces the magical energy of the wielder, and disrupts the spells and
   magical abilities of those hit.
   Natural abilities and divine invocations are not affected.
   It affects your dexterity (+9).
   It protects you from cold.
   It may slow you when you take damage.
 w - a +5 war axe of holy wrath
 C - a +5 broad axe of flaming (weapon)
Armour
 c - a +3 plate armour of cold resistance (worn)
 s - the +0 hat of the Tarantula (worn) {*Drain Regen+ Stlth+}
   (Okawaru gifted it to you on level 2 of the Elven Halls)

   It increases your rate of regeneration.
   It causes draining when unequipped.
   It makes you more stealthy.
 M - a +0 pair of boots (worn)
 N - a +0 cloak of magic resistance (worn)
 Q - a +0 pair of gloves of dexterity (worn)
 R - a +0 shield of reflection (worn)
Jewellery
 G - a ring of protection from fire (right hand)
 O - a ring of poison resistance (left hand)
 U - an uncursed ring of stealth
 V - the amulet of the Four Winds (around neck) {rN+ MR+++ Clar}
   (You bought it in a shop on level 2 of the Orcish Mines)

   [amulet of nothing]

   It protects you from negative energy.
   It affects your resistance to hostile enchantments.
   It protects you against confusion.
Wands
 g - a wand of heal wounds (2/9)
 q - a wand of lightning (8/15)
 u - a wand of lightning (8/15)
 v - a wand of polymorph (7/24)
 H - a wand of flame (18/48)
 I - a wand of flame (1/48)
 J - a wand of slowing (43/48)
 L - a wand of paralysis (8/24)
 S - a wand of acid (4/15)
 W - a wand of acid (6/15)
 Y - a wand of confusion (15/48)
Scrolls
 a - 2 scrolls of immolation
 i - 2 scrolls of recharging
 l - 15 scrolls of remove curse
 r - a scroll of silence
 D - 2 scrolls of blinking
 E - 6 scrolls of fear
 F - 9 scrolls of teleportation
 P - 3 scrolls of identify
 X - 3 scrolls of fog
Potions
 b - a potion of ambrosia
 d - 2 potions of might
 e - 3 potions of haste
 k - 5 potions of flight
 p - 5 potions of curing
 A - a potion of heal wounds
 B - a potion of berserk rage
 K - a potion of agility
 T - a potion of resistance
 Z - a potion of invisibility
Miscellaneous
 o - a phial of floods
 x - a fan of gales
 z - a phantom mirror
Comestibles
 f - 3 bread rations
 h - 20 fruits
 j - 5 meat rations
 n - 13 beef jerkies
 y - a chunk of flesh


   Skills:
 + Level 16.9(16.2) Fighting
 + Level 20.5(19.8) Axes
 + Level 11.4(10.9) Armour
 + Level 10.6(10.0) Dodging
 * Level 5.0(4.5) Stealth
 - Level 16.7(16.1) Shields


You had 15 spell levels left.
You didn't know any spells.

Dungeon Overview and Level Annotations

Branches:
Dungeon (15/15)            Temple (1/1) D:7            Lair (6/6) D:11
 Shoals (0/4) Lair:2        Snake (0/4) Lair:2        Slime (0/5) Lair:6
    Orc (2/2) D:10            Elf (3/3) Orc:2        Vaults (0/5) D:14
 Depths (0/5) D:15

Altars:
Ashenzari
Cheibriados
Dithmenos
Elyvilon
Fedhas
Gozag
Hepliaklqana
Kikubaaqudgha
Makhleb
Nemelex Xobeh
Okawaru
Qazlal
Ru
Sif Muna
Trog
Uskayaw
Vehumet
Xom
Yredelemnul
Zin
The Shining One
Beogh
Jiyva

Shops:
D:5 [   D:7 ?   D:11 :   D:12 }   D:15 [   Orc:2 =[*(=[   Elf:2 }=

Portals:
Trove: D:15 (give horn of Geryon)

Annotations:
Elf:3 Frances; PeterLawrence's ghost, adept MiFi


Innate Abilities, Weirdness & Mutations

You reflexively headbutt those who attack you in melee.
You have a pair of horns on your head.
You can translocate small distances at will.
Scrolls take you a little longer to read.
You possess an exceptional clarity of mind.
You are somewhat resistant to further mutation.
You occasionally shout uncontrollably at your foes.
You expend magic power (3 MP) to strengthen your wands.


Message History

You slice Frances!! You burn Frances!
Frances is almost dead.
You slash the soul eater! You burn the soul eater. You slash the rust devil!
You closely miss the chaos spawn. The soul eater hits you!
You partially resist.
You feel drained. You block Frances's attack. The chaos spawn gores you!
You suddenly lose the ability to move!
The rust devil hits you. The rust devil corrodes you!
The soul eater draws from the surrounding life force!
The soul eater is healed.
Frances hits you with a scimitar.
The chaos spawn hits you but does no damage.
The rust devil hits you. The rust devil corrodes you!
Frances hits you but does no damage. The soul eater hits you!
You partially resist.
You feel drained.
The chaos spawn gores you but does no damage.
The rust devil hits you. The rust devil corrodes you!
Frances screams a word of power!
Helpless, you fail to dodge the iron shot.
* * * LOW HITPOINT WARNING * * *
The soul eater hits you.
You die...

..# ### #####...<.....
......#......... ### #..
............ ..# #.#
#...........
#.#######.###..........$
#.#.......#(............
..........#.....@.......
#...#####.#....4@3.....#
#..<......).....4......#
.......^...###...###...#
...........# #.).#(#...#
...........# #).)###..)#
...........# ##.......##
...........# #.......#
...........# #...#####
...........# ##.##


You could see Frances, a soul eater, a rust devil, a chaos spawn and an
enchanted long sword.

Vanquished Creatures
  Rupert (Lair:3)
  Agnes (Elf:3)
  Donald (Elf:2)
  A deep elf sorcerer (Elf:2)
  2 orc warlords
  Louise (Elf:1)
  A stone giant (Orc:1)
  2 deep elf demonologists (Elf:1)
  A deep elf annihilator (Elf:3)
  2 deep elf death magi
  A minotaur (Lab)
  A fire dragon (Lair:6)
  Snorg (Lair:2)
  Josephine (D:10)
  The ghost of dngmouse the Fighter, a journeyman MiFi of Okawaru (D:11)
  2 ogre magi (D:15)
  Erolcha (Orc:1)
  An ice dragon (shapeshifter) (Elf:2)
  8 hydras
  Erica (D:10)
  4 centaur warriors
  23 dancing weapons
  4 orc high priests (Orc:2)
  15 deep elf knights
  A spriggan druid (Elf:2)
  An unseen horror (D:13)
  8 deep elf archers
  Pikel (D:8)
  A phantasmal warrior (D:13)
  A lindwurm (Lair:6)
  2 wizards
  4 hill giants
  4 orc knights
  3 necromancers (Elf:1)
  7 orc sorcerers
  13 ugly things
  3 cyclopes (D:14)
  39 deep elf magi
  A manticore (D:14)
  3 elephants (Lair:6)
  3 sirens (Lair:2)
  3 molten gargoyles (Lair:6)
  9 black mambas
  A torpor snail (Lair:6)
  3 kobold demonologists
  3 centaur skeletons
  7 rime drakes
  10 spiny frogs
  2 efreet
  11 komodo dragons
  A redback zombie (D:15)
  3 trolls
  2 tengu conjurers (D:15)
  A merfolk (Lair:2)
  A hornet (D:8)
  2 polar bears
  6 meliai
  A queen bee (shapeshifter) (D:15)
  4 two-headed ogres
  8 hippogriffs
  A meliai zombie (D:10)
  3 shadows
  8 wyverns
  35 yaks
  5 wraiths (D:10)
  A water elemental (Elf:1)
  6 basilisks
  A yak (shapeshifter) (D:13)
  A fire elemental (Elf:1)
  A hog (shapeshifter) (Elf:2)
  4 large abominations (Elf:1)
  6 vampire mosquitoes
  4 mottled dragons
  A warg (Orc:2)
  2 steam dragons
  2 nagas (Lair:2)
  A soldier ant (D:8)
  10 water moccasins
  13 porcupines
  5 hell hounds (Lair:6)
  37 orc warriors
  6 ice beasts
  2 eyes of draining
  8 sky beasts
  2 necrophages
  23 ogres
  4 slaves (D:8)
  3 phantoms (D:9)
  22 wolves
  9 centaurs
  19 crocodiles
  2 big kobolds (D:15)
  An elf zombie (Elf:1)
  23 bullfrogs
  2 earth elementals (Elf:1)
  A wyvern skeleton (D:12)
  3 scorpions
  8 killer bees
  A howler monkey (D:5)
  11 wights
  5 lava snakes (Lair:6)
  9 crimson imps
  2 quasits
  8 hounds
  7 jellies
  5 centaur zombies
  31 orc priests
  2 bullfrog skeletons
  9 iguanas
  Terence (D:3)
  27 orc wizards
  4 worker ants
  A killer bee zombie (D:8)
  A hound zombie (D:10)
  A hound skeleton (D:10)
  A howler monkey skeleton (D:4)
  7 gnolls
  14 adders
  6 shadow imps
  2 worms
  3 dart slugs
  5 leopard geckos
  99 orcs
  4 giant cockroaches
  4 hobgoblins
  15 jackals
  9 kobolds
  5 quokkas
  A ball python (D:4)
  5 bats
  3 frilled lizards
  4 goblins
  A leopard gecko skeleton (D:5)
  A leopard gecko zombie (D:9)
  A quokka skeleton (D:5)
  9 rats
  4 bushes
  19 fungi
  36 plants
918 creatures vanquished.

Vanquished Creatures (others)
  A deep elf archer (Elf:3)
  5 fungi
  8 plants
14 creatures vanquished.

Grand Total: 932 creatures vanquished

Notes
Turn   | Place    | Note
-------+----------+-------------------------------------------
     0 | D:1      | shas the Minotaur Fighter began the quest for the Orb.
     0 | D:1      | Reached XP level 1. HP: 19/19 MP: 0/0
   216 | D:1      | Reached XP level 2. HP: 27/27 MP: 1/1
   368 | D:1      | Reached skill level 3 in Axes
   890 | D:2      | Found a sparkling altar of Nemelex Xobeh.
   908 | D:2      | Found a blossoming altar of Fedhas.
  1012 | D:2      | Gained mutation: You possess an exceptional clarity of mind. [potion of mutation]
  1012 | D:2      | Gained mutation: Scrolls take you a little longer to read. [potion of mutation]
  1012 | D:2      | Lost mutation: Scrolls take you a little longer to read. [potion of mutation]
  1108 | D:2      | Reached XP level 3. HP: 31/33 MP: 2/2
  1310 | D:2      | Gained mutation: You occasionally shout uncontrollably at your foes. [potion of mutation]
  1310 | D:2      | Gained mutation: You are somewhat resistant to further mutation. [potion of mutation]
  1310 | D:2      | Gained mutation: You can translocate small distances at will. [potion of mutation]
  1489 | D:3      | Noticed Terence
  1490 | D:3      | Reached skill level 4 in Axes
  1499 | D:3      | Reached XP level 4. HP: 40/40 MP: 3/3
  1503 | D:3      | Killed Terence
  1654 | D:3      | Reached XP level 5. HP: 39/47 MP: 4/4
  2224 | D:3      | Reached skill level 5 in Fighting
  2224 | D:3      | Reached skill level 5 in Axes
  2224 | D:3      | Reached skill level 5 in Shields
  2996 | D:4      | Reached XP level 6. HP: 52/56 MP: 5/5
  3280 | D:4      | Reached skill level 6 in Axes
  3475 | D:4      | Found an ancient bone altar of Kikubaaqudgha.
  3609 | D:5      | Entered Level 5 of the Dungeon
  3702 | D:5      | Noticed a sky beast
  3715 | D:5      | Killed a sky beast
  3715 | D:5      | Reached XP level 7. HP: 49/61 MP: 6/6
  3798 | D:5      | Found Vecil's Armour Boutique.
  3828 | D:5      | Reached skill level 7 in Axes
  4011 | D:5      | Found a white marble altar of Elyvilon.
  4084 | D:5      | Found a shimmering altar of Xom.
  4087 | D:5      | Found a basalt altar of Yredelemnul.
  4749 | D:6      | Reached skill level 8 in Axes
  4925 | D:6      | Reached XP level 8. HP: 40/71 MP: 7/7
  5419 | D:6      | Found a burning altar of Makhleb.
  5419 | D:6      | Found a radiant altar of Vehumet.
  5568 | D:6      | Reached skill level 9 in Axes
  5579 | D:6      | Gained mutation: Scrolls take you a little longer to read. [mutagenic meat]
  5950 | D:7      | Found a stormy altar of Qazlal.
  5963 | D:7      | Reached skill level 10 in Axes
  6021 | D:7      | Found a glowing golden altar of the Shining One.
  6183 | D:7      | Reached XP level 9. HP: 66/78 MP: 8/8
  6262 | D:7      | Found Giocu's Magic Scroll Emporium.
  6288 | D:7      | Found a staircase to the Ecumenical Temple.
  6335 | Temple   | Entered the Ecumenical Temple
  6357 | Temple   | Became a worshipper of Warmaster Okawaru
  6786 | D:7      | Found a glowing silver altar of Zin.
  6999 | D:8      | Reached skill level 11 in Axes
  7476 | D:8      | Noticed Pikel
  7484 | D:8      | Reached * piety under Okawaru
  7500 | D:8      | Killed Pikel
  7680 | D:8      | Identified a scroll of acquirement
  7874 | D:8      | Reached XP level 10. HP: 78/89 MP: 9/9
  7878 | D:8      | Reached skill level 12 in Axes
  8010 | D:8      | Paralysed by a hornet for 1 turns
  8014 | D:8      | Paralysed by a hornet for 1 turns
  8017 | D:8      | Reached ** piety under Okawaru
  8549 | D:9      | Reached skill level 10 in Shields
  8627 | D:5      | Bought a +0 pair of boots for 63 gold pieces
  9252 | D:9      | Reached skill level 10 in Fighting
  9307 | D:10     | Entered Level 10 of the Dungeon
  9318 | D:10     | Reached *** piety under Okawaru
  9335 | D:10     | Reached skill level 13 in Axes
  9913 | D:10     | Noticed Erica
  9922 | D:10     | Killed Erica
 10133 | D:10     | Reached **** piety under Okawaru
 10138 | D:10     | Reached XP level 11. HP: 97/99 MP: 10/10
 10196 | D:10     | Found a staircase to the Orcish Mines.
 10209 | Orc:1    | Entered Level 1 of the Orcish Mines
 10342 | Orc:1    | Noticed an orc knight
 10344 | Orc:1    | Noticed a stone giant
 10601 | D:10     | Noticed Josephine
 10602 | D:10     | Reached skill level 14 in Axes
 10608 | D:10     | Killed Josephine
 10609 | D:10     | Reached ***** piety under Okawaru
 10750 | D:10     | Noticed a hill giant
 10877 | D:11     | Found a staircase to the Lair.
 10886 | Lair:1   | Entered Level 1 of the Lair of Beasts
 11077 | Lair:1   | Noticed an eight-headed hydra
 11093 | Lair:1   | Killed a five-headed hydra
 11093 | Lair:1   | Received a gift from Okawaru
 11094 | Lair:1   | Got a transparent short sword {god gift}
 11096 | Lair:1   | Identified the +4 short sword of Perfectionism {speed, Int+5} (Okawaru gifted it to you on level 1 of the Lair of Beasts)
 11359 | Lair:1   | Reached skill level 15 in Axes
 11387 | Lair:2   | Found a staircase to the Snake Pit.
 11399 | Lair:2   | Got a thick robe
 11410 | Lair:2   | Identified the +2 robe of Pride {Int+6 Slay+2} (You found it on level 2 of the Lair of Beasts)
 11460 | Lair:2   | Found a labyrinth entrance.
 11803 | Lab      | Entered a labyrinth
 12329 | Lab      | Noticed a minotaur
 12337 | Lab      | Killed a minotaur
 12351 | Lab      | Got a slimy leather armour
 12353 | Lab      | Identified Jigur's Handbook of the Mountains
 12385 | Lab      | Identified the +5 leather armour of the Little Devil {*Contam rElec rPois Dex+5} (You took it off a minotaur in a labyrinth)
 12428 | Lair:2   | Gained mutation: You expend magic power (3 MP) to strengthen your wands. [mutagenic glow]
 12466 | Lair:2   | Found a staircase to the Shoals.
 12481 | Lair:2   | Received a gift from Okawaru
 12481 | Lair:2   | Reached XP level 12. HP: 83/110 MP: 11/11
 12893 | Lair:1   | Reached skill level 16 in Axes
 13383 | Lair:3   | Noticed Rupert
 13383 | Lair:3   | Noticed Snorg
 13444 | Lair:2   | Killed Snorg
 13570 | Lair:3   | Paralysed by Rupert for 5 turns
 13589 | Lair:3   | Killed Rupert
 13589 | Lair:3   | Received a gift from Okawaru
 13590 | Lair:3   | Got a dazzling glaive {god gift}
 13828 | Lair:2   | Identified the +0 glaive "Uzilij" {freeze, rF+ MP+9 Dex+4} (Okawaru gifted it to you on level 3 of the Lair of Beasts)
 14255 | Lair:3   | Reached skill level 17 in Axes
 15144 | Lair:4   | Received a gift from Okawaru
 15618 | Lair:4   | Reached ****** piety under Okawaru
 15778 | Lair:4   | Noticed a four-headed hydra
 15784 | Lair:4   | Killed a one-headed hydra
 15784 | Lair:4   | Reached XP level 13. HP: 118/122 MP: 12/12
 15888 | Lair:5   | Got an ominously black robe
 15928 | Lair:5   | Identified the +3 robe of Spin the Turtle {rElec rF- rCorr} (You found it on level 5 of the Lair of Beasts)
 16713 | Lair:6   | Entered Level 6 of the Lair of Beasts
 16730 | Lair:6   | Reached skill level 18 in Axes
 16779 | Lair:6   | Found a viscous altar of Jiyva.
 16779 | Lair:6   | Found a staircase to the Slime Pits.
 17413 | Lair:6   | Reached skill level 1 in Dodging
 17773 | Lair:6   | Received a gift from Okawaru
 19065 | Lair:6   | Reached skill level 5 in Armour
 19075 | Lair:6   | Received a gift from Okawaru
 19149 | Lair:6   | Found a large runed door.
 19149 | Lair:6   | Found a large runed door.
 19238 | Lair:6   | HP: 5/125 [molten gargoyle/bolt of magma (15)]
 19784 | Lair:6   | Received a gift from Okawaru
 19784 | Lair:6   | Reached XP level 14. HP: 129/133 MP: 13/13
 20110 | Lair:6   | Upgraded the game from 0.19.1-1-g22dce08 to 0.19.3
 20417 | D:11     | Found Cextod's Book Shoppe.
 20744 | D:11     | Noticed dngmouse's ghost (journeyman MiFi)
 20756 | D:11     | Killed dngmouse's ghost
 21106 | D:12     | Got a twisted rapier
 21156 | D:12     | Identified the +8 rapier of Grace {antimagic, *Slow rC+ Dex+9} (You found it on level 12 of the Dungeon)
 21392 | D:12     | Identified the Grimoire of Evil Arts and the Snowflakes
 21453 | D:12     | Reached skill level 5 in Dodging
 21817 | D:12     | Found Kela's Gadget Shoppe.
 22236 | D:13     | Found a hide-covered altar of Uskayaw.
 22995 | D:13     | Received a gift from Okawaru
 23259 | D:14     | Reached skill level 15 in Shields
 23604 | D:14     | Reached skill level 19 in Axes
 23688 | D:14     | Reached skill level 15 in Fighting
 23739 | D:14     | Found a gate to the Vaults.
 24197 | D:15     | Entered Level 15 of the Dungeon
 24389 | D:15     | Received a gift from Okawaru
 24492 | D:15     | Found Resimus's Antique Armour Shop.
 24546 | D:15     | Found a portal to a secret trove of treasure.
 24983 | D:15     | Reached XP level 15. HP: 139/141 MP: 14/14
 25394 | D:15     | Found a staircase to the Depths.
 26062 | Orc:1    | Received a gift from Okawaru
 26108 | Orc:1    | Found a roughly hewn altar of Beogh.
 26335 | Orc:2    | Entered Level 2 of the Orcish Mines
 26335 | Orc:2    | Noticed Erolcha
 26340 | Orc:2    | Noticed an orc warlord
 26344 | Orc:1    | Killed Erolcha
 26371 | Orc:1    | Killed an orc warlord
 26497 | Orc:2    | Found a staircase to the Elven Halls.
 26519 | Orc:2    | Found Vevuas's Armour Shoppe.
 26593 | Orc:2    | Found Keppenam's Jewellery Boutique.
 26753 | Orc:2    | Noticed an orc warlord
 26798 | Orc:2    | Killed an orc warlord
 27619 | Orc:2    | Found a roughly hewn altar of Beogh.
 27842 | Orc:2    | Found Piodgh's General Store.
 27843 | Orc:2    | Found Ydatsu's Jewellery Shop.
 27844 | Orc:2    | Found Jeirano's Antique Armour Boutique.
 27844 | Orc:2    | Found Nifudghusk's Antique Weapon Boutique.
 27851 | Orc:2    | Bought the amulet of the Four Winds {rN+ MR+++ Clar} for 418 gold pieces
 27923 | Elf:1    | Entered Level 1 of the Elven Halls
 28055 | Elf:1    | Noticed an Executioner
 28319 | Elf:1    | Identified Kikubaaqudgha's Catalogue of Stolen Souls
 28543 | Elf:1    | Reached skill level 10 in Armour
 28552 | Elf:1    | Received a gift from Okawaru
 28738 | Elf:1    | Noticed Louise
 28748 | Elf:1    | Killed Louise
 28761 | Elf:1    | Noticed an Executioner
 28766 | Elf:1    | Reached XP level 16. HP: 151/151 MP: 15/15
 29307 | Elf:1    | Reached skill level 20 in Axes
 29539 | Elf:1    | Upgraded the game from 0.19.3 to 0.19.3-1-g3169bf9
 29757 | Elf:2    | Got a diamond-encrusted ring mail
 29768 | Elf:2    | Identified the cursed +1 ring mail of Charity {rPois MR- rCorr Dex+9} (You found it on level 2 of the Elven Halls)
 29860 | Elf:2    | Found a huge runed gate.
 29862 | Elf:2    | Found a huge runed gate.
 29862 | Elf:2    | Found a huge runed gate.
 29863 | Elf:2    | Found a huge runed gate.
 29863 | Elf:2    | Found a huge runed gate.
 29928 | Elf:2    | Received a gift from Okawaru
 29932 | Elf:2    | Got a faintly glowing hat {god gift}
 29968 | Elf:2    | Identified the +0 hat of the Tarantula {*Drain Regen+ Stlth+} (Okawaru gifted it to you on level 2 of the Elven Halls)
 30082 | Elf:2    | Reached skill level 1 in Stealth
 30377 | Elf:2    | Noticed Donald
 30389 | Elf:2    | Killed Donald
 30389 | Elf:2    | Reached skill level 10 in Dodging
 30849 | Elf:2    | Found Couteol's Gadget Boutique.
 30850 | Elf:2    | Found Wizol's Jewellery Emporium.
 30850 | Elf:2    | Found Wivuhyng's Jewellery Emporium.
 30972 | Elf:3    | Entered Level 3 of the Elven Halls
 30972 | Elf:3    | Noticed PeterLawrence's ghost (adept MiFi)
 31275 | Elf:2    | Received a gift from Okawaru
 31661 | Elf:3    | Noticed Agnes
 31673 | Elf:3    | Killed Agnes
 31696 | Elf:3    | Reached skill level 5 in Stealth
 31697 | Elf:3    | Noticed Frances
 31706 | Elf:3    | Paralysed by a chaos spawn for 3 turns
 31709 | Elf:3    | HP: 2/154 [Frances/iron shot (55)]
 31709 | Elf:3    | Slain by a soul eater

Skill      XL: |  1  2  3  4  5  6  7  8  9 10 11 12 13 14 15 16 |
---------------+-------------------------------------------------+-----
Axes           | 3 4 5 6 8 10 11 13 15 17 18 19 20 | 20.5
Shields        | 4 5 6 8 9 10 12 13 14 15 16 | 16.7
Fighting       | 4 5 6 7 9 10 12 13 14 15 16 | 16.9
Dodging        | 4 7 9 10 | 10.6
Armour         | 5 8 10 11 | 11.4
Stealth        | 5 |  5.0

Action                   |  1- 3 |  4- 6 |  7- 9 | 10-12 | 13-15 | 16-18 || total
-------------------------+-------+-------+-------+-------+-------+-------++-------
Melee: War axe           |    77 |    55 |       |       |       |       ||   132
       Headbutt          |     9 |    29 |    55 |   108 |   312 |    88 ||   601
       Hand axe          |       |   118 |   330 |       |       |       ||   448
       Broad axe         |       |       |    18 |   518 |  1224 |   371 ||  2131
 Abil: Blink             |       |       |       |     4 |     2 |       ||     6
Evoke: Wand              |       |       |       |     3 |     2 |     2 ||     7
  Use: Scroll            |     9 |     2 |    14 |    10 |     9 |     3 ||    47
       Potion            |     2 |     3 |     1 |     4 |     4 |       ||    14
  Eat: Chunk             |     2 |     3 |     9 |    12 |    17 |       ||    43
       Bread ration      |       |     1 |     2 |       |     3 |     2 ||     8
       Pizza             |       |       |     1 |       |     1 |       ||     2
       Royal jelly       |       |       |       |     7 |     4 |       ||    11
       Meat ration       |       |       |       |       |     1 |       ||     1
Armor: Scale mail        |    41 |    44 |    16 |       |       |       ||   101
       Plate armour      |       |       |   108 |   109 |   168 |    58 ||   443
       Chain mail        |       |       |       |    34 |    94 |       ||   128
Dodge: Dodged            |    27 |    46 |    50 |   101 |   176 |    65 ||   465
Block: Shield            |    41 |    71 |   153 |   204 |   596 |   174 ||  1239
       Reflection        |       |       |       |       |       |    15 ||    15
